 Dungeon Crawl Stone Soup version 0.28-a0-79-g444c7a33f5 (webtiles) character file.

Game seed: 9828544126253858452

4847 mcsnuffy the Destroyer (level 10, -14/59 HPs)
             Began as a Deep Elf Conjurer on Aug 3, 2021.
             Demolished by an orc warrior (34 damage)
             ... summoned by an orc knight
             ... in a bailey.
             The game lasted 00:39:27 (8920 turns).

mcsnuffy the Destroyer (Deep Elf Conjurer)          Turns: 8920, Time: 00:39:28

Health: -14/59     AC:  6    Str:  5    XL:     10   Next: 25%
Magic:  12/31      EV: 13    Int: 26    God:
Gold:   403        SH:  0    Dex: 13    Spells: 6/23 levels left

rFire   + . .      SeeInvis .   D - +3 whip (venom)
rCold   . . .      Faith    .   (no shield)
rNeg    . . .      Spirit   .   l - +1 leather armour {rPois}
rPois   +          Reflect  .   C - +0 helmet
rElec   .          Harm     .   B - +0 cloak
rCorr   .          Rampage  .   (no gloves)
Will    +....                   (no boots)
Stlth   +++.......              q - amulet of regeneration
HPRegen 1.19/turn               F - ring of protection from fire
MPRegen 0.22/turn               M - ring of magical power

@: very slightly contaminated, hasted, very quick
A: no striking features
a: no special abilities


You were in a bailey.
You visited 2 branches of the dungeon, and saw 9 of its levels.
You also visited: Sewer and Bailey.

You collected 403 gold pieces.


   Skills:
 - Level 5.3 Fighting
 - Level 7.0 Dodging
 - Level 5.0 Stealth
 - Level 5.0 Shields
 - Level 7.0 Spellcasting
 + Level 9.2 Conjurations
 - Level 7.0 Hexes


You had 6 spell levels left.
You knew the following spells:

 Your Spells              Type           Power      Damage    Failure   Level
d - Dazzling Flash        Conj/Hex       100%       N/A       1%          3
f - Fulminant Prism       Conj/Hex       25%        3d14      3%          4
k - Tukima's Dance        Hex            45%        N/A       1%          3
m - Magic Dart            Conj           100%       1d8       1%          1
s - Searing Ray           Conj           100%       3d7       1%          2
X - Iskenderun's Mystic   Conj/Tloc      33%        2d8       16%         4

Your spell library contained the following spells:

 Spells                   Type           Power      Damage    Failure   Level
 Corona                   Hex            50%        N/A       1%          1
 Ensorcelled Hibernation  Hex/Ice        54%        N/A       3%          2
 Beastly Appendage        Tmut           18%        N/A       11%         1
 Sublimation of Blood     Necr           4%         N/A       16%         2
 Wereblood                Tmut           9%         N/A       16%         2
 Leda's Liquefaction      Hex/Erth       13%        N/A       24%         4
 Spider Form              Tmut/Pois      4%         N/A       30%         3
 Bolt of Magma            Conj/Fire/Erth 12%        4d8       63%         5
 Statue Form              Tmut/Erth      6%         N/A       100%        6
 Summon Hydra             Summ           4%         N/A       100%        7

Inventory:

Hand Weapons
 b - a +0 dagger
 s - a +2 short sword of draining
 D - a +3 whip of venom (weapon)
Armour
 a - a +0 robe
 l - a +1 leather armour of poison resistance (worn)
 B - a +0 cloak (worn)
 C - a +0 helmet (worn)
 G - a +0 kite shield
Magical Staves
 c - a staff of air {!a}
Jewellery
 m - an amulet of the acrobat
 q - an amulet of regeneration (around neck)
 E - an amulet of faith {!P}
 F - a ring of protection from fire (left hand)
 M - a ring of magical power (right hand)
 P - a ring of poison resistance
Wands
 k - a wand of flame (9)
 x - a wand of polymorph (18)
Scrolls
 d - 2 scrolls of teleportation {unknown}
 f - a scroll of summoning
 j - a scroll of holy word
 o - 3 scrolls of noise
 p - a scroll of blinking
 t - a scroll of enchant armour {unknown}
 w - a scroll of immolation {unknown}
 y - 2 scrolls of silence {unknown}
 A - a scroll of fog {unknown}
 I - a scroll of acquirement
Potions
 e - a potion of berserk rage {unknown}
 g - a potion of ambrosia {unknown}
 h - 2 potions of curing {@q1}
 i - 3 potions of magic {unknown}
 n - 2 potions of flight {unknown}
 r - 4 potions of mutation
 u - 4 potions of haste {@q3}
 v - 2 potions of might {unknown}
 z - a potion of attraction {unknown}
 H - 2 potions of lignification {unknown}
 J - a potion of invisibility {unknown}
 K - a potion of cancellation {unknown}
 L - a potion of brilliance {unknown}
 N - a potion of resistance {unknown}

Dungeon Overview and Level Annotations

Branches:
Dungeon (8/15)             Temple (1/1) D:4           Sewer (visited)
 Bailey (1/1)
   Lair: D:8-11

Altars:
Ashenzari
Cheibriados
Dithmenos
Elyvilon
Gozag
Hepliaklqana
Kikubaaqudgha
Makhleb
Nemelex Xobeh
Okawaru
Qazlal
Ru
Sif Muna
Trog
Uskayaw
Wu Jian
Xom
Yredelemnul
The Shining One

Annotations:
D:6 1 runed translucent door, Crazy Yiuf
D:7 Pikel

▒▒▒▒▒▒▒▒▒▒▒▒
▒▒.∩........▒▒ ▒
▒..).....)...▒▒▒▒▒▒
▒..o)g..)....▒.oo.▒
▒∩.o).)))o.[.'.o.))
▒...oo..)....▒...)▒
▒.@.o........▒▒▒▒▒▒
▒▒.∩........▒▒ ▒
▒▒▒▒▒▒▒▒▒▒▒▒


You could see an orc knight, 2 orc warriors, a gnoll (summoned) and 3 orcs.


Message History

Your fulminant prism crackles loudly.
Your fulminant prism explodes!
The blast of energy engulfs the gnoll!
You kill the gnoll!
The gnoll's corpse dissolves into shadows!
The blast of energy engulfs the orc!!
You kill the orc!
The orc's corpse dissolves into shadows!
The blast of energy engulfs the orc warrior.
The orc warrior is lightly wounded.
The blast of energy engulfs the gnoll!!
You kill the gnoll!
The gnoll's corpse dissolves into shadows!
The blast of energy engulfs the orc!!!
You kill the orc!
The orc's corpse dissolves into shadows!
The blast of energy engulfs the orc!
You kill the orc!
The orc's corpse dissolves into shadows!
The blast of energy engulfs the orc knight!
The orc knight is lightly wounded.
Casting: Fulminant Prism (dangerous; 3% risk of failure)
Confirm with . or Enter, or press ? or * to list all spells.
Aiming: Fulminant Prism (dangerous; 3% risk of failure)
Press: ? - help, Dir - move target
Okay, then.
There is an empty arch of ancient stone here.
The orc warrior hits you from afar with a +0 halberd!!
Ouch! That really hurt!
You die...

Skill      XL: |  1  2  3  4  5  6  7  8  9 10 |
---------------+-------------------------------+-----
Fighting       | 1 2 3 5 |  5.3
Conjurations   | 5 6 7 8 9 |  9.2
Spellcasting   | 4 5 7 |  7.0
Stealth        | 3 4 5 |  5.0
Dodging        | 4 5 7 |  7.0
Hexes          | 4 6 7 |  7.0
Shields        | 5 |  5.0

Action                   |  1- 3 |  4- 6 |  7- 9 | 10-12 || total
-------------------------+-------+-------+-------+-------++-------
Melee: Dagger            |       |     8 |    40 |       ||    48
       Short sword       |       |       |     1 |       ||     1
       Whip              |       |       |     2 |     6 ||     8
 Cast: Magic Dart        |    57 |   113 |   225 |       ||   395
       Searing Ray       |     2 |    12 |    50 |     1 ||    65
       Dazzling Flash    |       |       |     2 |       ||     2
       Fulminant Prism   |       |       |    12 |     2 ||    14
       Tukima's Dance    |       |       |       |     1 ||     1
Evoke: Wand              |       |       |     1 |     1 ||     2
  Use: Scroll            |       |     5 |     3 |       ||     8
       Potion            |       |       |     1 |     1 ||     2
 Stab: Sleeping          |       |     1 |       |       ||     1
Armor: Robe              |     1 |       |       |       ||     1
       Leather armour    |       |       |    28 |     3 ||    31
Dodge: Dodged            |     2 |    26 |    91 |    11 ||   130

Levels and vault maps discovered:
D:1:      minmay_arrival_five_plusses, layout_basic,
          dreamdust_ecumenical_altar_statues
D:2:      layout_loops_ring, uniq_terence
D:3:      layout_loops_corners, chequers_mini_garden, uniq_ijyb
D:4:      layout_layer_cave, nicolae_dithmenos_shadow_blocks,
          brannock_xom_greatest_gift, minmay_temple_entry_statues_pillars,
          kennysheep_decorative_pillar
D:5:      layout_gridville, nicolae_overflow_crystal_walls, slow_altar_1,
          lightli_sewer_entry_pipes, grunt_ministairs_4
D:6:      layout_rooms, uniq_edmund, uniq_crazy_yiuf_cottage
D:7:      layout_cave_pools, nemelex_dance_club_becter, dk_vineyard_3,
          amcnicky_mini_pool_medium, uniq_pikel
D:8:      layout_basic, fedhas_altar_fruit_tree, enter_bailey_2, serial_shops,
          shop, kennysheep_cross_bottleneck, uniq_maggie
Temple:   eino_temple_water
Bailey:   bailey_polearm_5, bailey

Notes
Turn   | Place    | Note
-------+----------+-------------------------------------------
     0 | D:1      | mcsnuffy the Deep Elf Conjurer began the quest for the Orb.
     0 | D:1      | Reached XP level 1. HP: 10/10 MP: 6/6
    84 | D:1      | Reached skill level 1 in Fighting
   155 | D:1      | Reached XP level 2. HP: 16/16 MP: 6/8
   191 | D:1      | Found a faded altar of an unknown god.
   579 | D:1      | Reached skill level 2 in Fighting
   910 | D:2      | Reached XP level 3. HP: 21/21 MP: 5/9
   997 | D:2      | Learned a level 2 spell: Searing Ray
  1001 | D:2      | Learned a level 3 spell: Dazzling Flash
  1062 | D:2      | Reached skill level 5 in Conjurations
  1305 | D:2      | Noticed Terence
  1315 | D:2      | Killed Terence
  1316 | D:2      | Reached skill level 4 in Spellcasting
  1316 | D:2      | Reached XP level 4. HP: 26/26 MP: 4/12
  2381 | D:3      | Noticed Ijyb
  2386 | D:3      | Killed Ijyb
  2387 | D:3      | Reached skill level 5 in Spellcasting
  2468 | D:3      | Reached skill level 3 in Stealth
  2510 | D:3      | Reached XP level 5. HP: 27/30 MP: 14/14
  2893 | D:4      | Learned a level 4 spell: Fulminant Prism
  3050 | D:4      | Found a shadowy altar of Dithmenos.
  3070 | D:4      | Reached skill level 4 in Stealth
  3123 | D:4      | Found a shimmering altar of Xom.
  3317 | D:4      | Reached skill level 6 in Conjurations
  3317 | D:4      | Reached XP level 6. HP: 35/35 MP: 13/15
  3616 | D:4      | Found a staircase to the Ecumenical Temple.
  3623 | Temple   | Entered the Ecumenical Temple
  4070 | D:5      | Entered Level 5 of the Dungeon
  4098 | D:5      | Found a snail-covered altar of Cheibriados.
  4137 | D:5      | HP: 2/35 [ogre (33)]
  4140 | D:5      | Reached skill level 7 in Conjurations
  4140 | D:5      | Reached skill level 3 in Dodging
  4233 | D:5      | Reached skill level 4 in Dodging
  4233 | D:5      | Reached XP level 7. HP: 40/40 MP: 0/16
  4292 | D:5      | Found a glowing drain.
  4300 | Sewer    | Entered a sewer
  4525 | Sewer    | Reached skill level 5 in Dodging
  4629 | Sewer    | Reached skill level 3 in Fighting
  4856 | D:5      | Reached skill level 1 in Hexes
  5043 | D:5      | Reached skill level 2 in Hexes
  5139 | D:5      | Reached skill level 4 in Hexes
  5285 | D:5      | Reached XP level 8. HP: 46/46 MP: 17/17
  5478 | D:5      | Found a hazy altar of Hepliaklqana.
  5521 | D:5      | Reached skill level 5 in Hexes
  5926 | D:5      | Learned a level 4 spell: Iskenderun's Mystic Blast
  6042 | D:5      | Reached skill level 4 in Fighting
  6197 | D:6      | Noticed Edmund
  6219 | D:6      | Killed Edmund
  6269 | D:6      | Reached skill level 5 in Fighting
  6425 | D:6      | Reached skill level 6 in Dodging
  6495 | D:6      | Reached skill level 7 in Dodging
  6562 | D:6      | Reached skill level 5 in Stealth
  6665 | D:6      | Found a runed translucent door.
  6666 | D:6      | Noticed Crazy Yiuf
  6936 | D:6      | Reached skill level 6 in Hexes
  6936 | D:6      | Reached XP level 9. HP: 54/54 MP: 18/18
  7138 | D:7      | Learned a level 3 spell: Tukima's Dance
  7215 | D:7      | Reached skill level 7 in Hexes
  7255 | D:7      | Noticed Pikel
  7359 | D:7      | Reached skill level 6 in Spellcasting
  7489 | D:7      | Reached skill level 7 in Spellcasting
  7798 | D:7      | Reached skill level 1 in Shields
  8086 | D:7      | Reached skill level 2 in Shields
  8305 | D:7      | Found a sparkling altar of Nemelex Xobeh.
  8440 | D:8      | Reached skill level 3 in Shields
  8562 | D:8      | Found a flagged portal.
  8570 | Bailey   | Entered a bailey
  8585 | Bailey   | Reached skill level 4 in Shields
  8709 | Bailey   | Reached skill level 5 in Shields
  8802 | Bailey   | Noticed an orc knight
  8802 | Bailey   | Noticed an orc knight
  8817 | Bailey   | Killed an orc knight
  8818 | Bailey   | Reached skill level 8 in Conjurations
  8818 | Bailey   | Reached XP level 10. HP: 59/59 MP: 13/22
  8860 | Bailey   | Killed an orc knight
  8861 | Bailey   | Reached skill level 9 in Conjurations
  8864 | Bailey   | Noticed an orc knight
  8920 | Bailey   | Demolished by an orc warrior

Vanquished Creatures
  2 orc knights (Bailey)
  Edmund (D:6)
  A water moccasin (D:6)
  3 black bears
  8 orc warriors
  An ice beast (D:6)
  A sky beast (D:7)
  4 ogres
  A necrophage (D:7)
  A centaur (D:6)
  A lemure (D:7)
  6 kobold brigands
  2 phantoms (D:5)
  A bullfrog (D:7)
  A gnoll sergeant (D:7)
  2 scorpions (D:4)
  A water moccasin zombie (D:5)
  2 wyvern skeletons (D:7)
  A water moccasin skeleton (D:5)
  An electric eel (D:7)
  A howler monkey (D:5)
  A centaur zombie (D:7)
  3 hounds
  2 jellies
  An orc priest (D:7)
  A centaur skeleton (D:5)
  2 iguanas
  A bullfrog skeleton (D:6)
  Ijyb (D:3)
  Terence (D:2)
  2 orc wizards
  A killer bee zombie (D:6)
  A hound zombie (D:5)
  2 hound skeletons
  A mummy (D:5)
  A howler monkey skeleton (D:6)
  8 gnolls
  9 adders
  3 river rats (D:5)
  3 white imps
  An adder skeleton (D:4)
  3 dart slugs
  7 worms
  47 orcs
  5 endoplasms
  4 giant cockroaches
  8 goblins
  5 hobgoblins
  2 quokkas
  10 ball pythons
  7 bats
  4 frilled lizards
  30 kobolds
  12 rats
231 creatures vanquished.

Vanquished Creatures (others)
  A dancing weapon (Bailey)
  14 fulminant prisms
15 creatures vanquished.

Grand Total: 246 creatures vanquished

Table legend: (Time is in decaauts)
 A = Elapsed time spent in this place.
 B = Non-inter-level travel time spent in this place.
 C = Inter-level travel time spent in this place.
 D = Time resting spent in this place.
 E = Time spent auto-exploring this place.
 F = Levels seen in this place.
 G = Mean time per level.
                   A        B        C        D        E       F      G
               +--------+--------+--------+--------+--------+-----+--------+
         Total |   8951 |   8792 |    159 |    579 |   6415 |  11 |  813.7 |
       Dungeon |   7844 |   7695 |    149 |    359 |   5916 |   8 |  980.5 |
        Temple |    190 |    180 |     10 |      0 |    177 |   1 |  190.0 |
         Sewer |    566 |    566 |      0 |    113 |    319 |   1 |  566.0 |
        Bailey |    349 |    349 |      0 |    107 |      2 |   1 |  349.0 |
               +--------+--------+--------+--------+--------+-----+--------+

Top non-repeatable levels by time:
     D:5: 1559 daAuts
     D:7: 1234 daAuts
     D:3: 1053 daAuts
     D:4: 1026 daAuts
     D:6: 999 daAuts
     D:2: 930 daAuts
     D:1: 866 daAuts
   Sewer: 566 daAuts
  Bailey: 349 daAuts
  Temple: 190 daAuts
     D:8: 174 daAuts

Table legend:
 A = Non-vault XP
 B = Vault XP
 C = Vault XP percentage of total XP
 D = Non-vault monster count
 E = Vault monster count
 F = Vault count percentage of total count
                 A         B        C        D         E       F
            +---------+---------+-------+---------+---------+-------
      Total |    3292 |    3633 |  52.5 |     136 |      94 |  40.9
            +---------+---------+-------+---------+---------+-------
        D:1 |      36 |       0 |   0.0 |      21 |       0 |   0.0
        D:2 |      58 |      36 |  38.3 |      13 |       1 |   7.1
        D:3 |      36 |      36 |  50.0 |      16 |       1 |   5.9
        D:4 |     256 |       0 |   0.0 |      16 |       0 |   0.0
        D:5 |     633 |     288 |  31.3 |      20 |      23 |  53.5
        D:6 |     949 |     176 |  15.6 |      18 |       1 |   5.3
        D:7 |     956 |     473 |  33.1 |      24 |       8 |  25.0
        D:8 |     368 |       0 |   0.0 |       8 |       0 |   0.0
      Sewer |       0 |     335 | 100.0 |       0 |      24 | 100.0
     Bailey |       0 |    2289 | 100.0 |       0 |      36 | 100.0
            +---------+---------+-------+---------+---------+-------
